[Event "1st Turkish League 2017"]
[Site "Konya"]
[Date "2017.07.19"]
[Round "4"]
[White "Isik, Alparslan"]
[Black "Koksal, Ege"]
[Result "0-1"]
[ECO "E02"]
[WhiteElo "2211"]
[BlackElo "2390"]
[Annotator "NA"]
[PlyCount "54"]
[EventType "team-tourn"]
[EventCountry "TUR"]
[SourceTitle "playchess.com"]
[Source "ChessBase"]
[SourceQuality "1"]
[TimeControl "5400+30"]

1. Nf3 Nf6 2. c4 e6 3. g3 d5 4. d4 dxc4 5. Qa4+ Nbd7 6. Bg2 a6 7. Nc3 Rb8 8. Qxc4 b5 9. Qd3 Bb7 10. O-O c5 {[%emt 0:00:30] LiveBook: 91 Games} 11. Bf4 Rc8 12. dxc5 Bxc5 13. Rfd1 Qb6 14. e3 O-O $11 15. Rac1 Rfd8 16. Bd6 Bxf3 17. Bxf3 Ne5 18. Bxc5 Nxf3+ 19. Kh1 Qc7 20. Qe2 Ng5 21. b4 Qb7+ 22. e4 Rxd1+ 23. Nxd1 Nfxe4 24. f3 Nxc5 25. Rxc5 Rxc5 26. bxc5 Nxf3 27. Qg2 Qe4 0-1

[Event "1st Turkish League 2017"]
[Site "Konya"]
[Date "2017.07.19"]
[Round "4"]
[White "Keles, Cengiz"]
[Black "Erturan, Yakup"]
[Result "0-1"]
[ECO "E63"]
[WhiteElo "2124"]
[BlackElo "2371"]
[Annotator "NA"]
[PlyCount "66"]
[EventType "team-tourn"]
[EventCountry "TUR"]
[SourceTitle "playchess.com"]
[Source "ChessBase"]
[SourceQuality "1"]
[TimeControl "5400+30"]

1. d4 Nf6 2. Nf3 g6 3. g3 Bg7 4. Bg2 O-O 5. O-O d6 6. c4 Nc6 7. Nc3 a6 8. b3 Bf5 9. Bb2 Ne4 10. e3 {[%emt 0:02:30] E63: King's Indian: Fianchetto: Panno Variation with 7...a6} (10. Nd5 e5 11. dxe5 dxe5 12. Nh4 Nd6 13. Ba3 Be6 14. Nxc7 Qxc7 15. Bxd6 Qa5 16. Bxf8 Rxf8 17. Qe1 Qa3 {1-0 (68) Bok,B (2594)-Van Foreest,J (2615) Amstelveen 2016}) 10... Nxc3 11. Bxc3 Be4 12. Rc1 $146 ({Predecessor:} 12. Bh3 e5 13. d5 Ne7 14. Rc1 Bf5 15. Bxf5 Nxf5 16. e4 Ne7 17. Nd2 Bh6 {0-1 (45) Nguyen,T-Bui,D Vung Tau 2000}) 12... d5 13. Ba1 e6 14. Qd2 Qe7 15. Rfd1 Rfd8 16. Qe2 a5 17. Ne5 Bxe5 18. Bxe4 dxe4 19. dxe5 a4 $11 20. Bc3 Qa3 21. Qc2 Rd3 22. Rxd3 exd3 23. Qb1 axb3 24. axb3 Ra6 25. b4 Ra4 26. b5 Nb4 27. Bd2 Nc2 28. Rxc2 dxc2 29. Qxc2 c6 30. bxc6 bxc6 31. Bc1 Qb4 32. c5 Qc4 33. Qd1 Ra1 0-1

[Event "1st Turkish League 2017"]
[Site "Konya"]
[Date "2017.07.19"]
[Round "4"]
[White "Caglar, Ahmet Ata"]
[Black "Akdag, Omer Amir"]
[Result "1-0"]
[ECO "B70"]
[WhiteElo "2082"]
[BlackElo "1685"]
[Annotator "NA"]
[PlyCount "55"]
[EventType "team-tourn"]
[EventCountry "TUR"]
[SourceTitle "playchess.com"]
[Source "ChessBase"]
[SourceQuality "1"]
[TimeControl "5400+30"]

1. e4 c5 2. Nf3 d6 3. d4 cxd4 4. Nxd4 Nf6 5. Nc3 Nc6 6. g3 g6 7. Bg2 {[%emt 0:00:00] LiveBook: 451 Games} Nxd4 8. Qxd4 Bg7 9. O-O O-O 10. Qd3 Be6 11. Nd5 Nd7 {[%emt 0:00:30] B70: Sicilian Dragon: 6 g3 and 6 Be2 (without a later Be3)} (11... Rc8 12. c3 a6 13. Re1 Nd7 14. a4 Ne5 15. Qd1 Re8 16. h3 Nc4 17. Kh2 Bd7 18. Re2 b5 19. axb5 Bxb5 {½-½ (74) Karjakin,S (2781)-Topalov,V (2749) Paris 2017}) 12. c3 Rc8 13. Bg5 Bxd5 14. exd5 {[%emt 0:00:30] [#]} h6 $146 ({Predecessor:} 14... Ne5 15. Qe2 Re8 16. h4 Qc7 17. Rfe1 a6 18. h5 Qc4 19. hxg6 hxg6 20. Qxc4 Nxc4 21. Rxe7 Nxb2 22. Rxb7 Bxc3 {0-1 (46) Haznedaroglu,K (2360)-Gelashvili,T (2552) Antalya 2002}) 15. Be3 a6 16. Qd2 Kh7 17. Rae1 Ne5 18. Qe2 Nc4 19. Bc1 Be5 (19... Bf6 $142) 20. Bh3 (20. f4 $18) 20... Rc7 21. b3 Nb6 $16 22. Qe3 Rxc3 23. Qxh6+ Kg8 24. Rxe5 dxe5 25. Be6 Rxc1 26. Qxg6+ Kh8 27. Qh6+ Kg8 28. Bf5 1-0

[Event "1st Turkish League 2017"]
[Site "Konya"]
[Date "2017.07.19"]
[Round "4"]
[White "Korkmaz, Necmettin"]
[Black "Uzunoglu, Efe Kerem"]
[Result "1-0"]
[ECO "B90"]
[WhiteElo "2078"]
[BlackElo "2058"]
[Annotator "NA"]
[PlyCount "83"]
[EventType "team-tourn"]
[EventCountry "TUR"]
[SourceTitle "playchess.com"]
[Source "ChessBase"]
[SourceQuality "1"]
[TimeControl "5400+30"]

1. e4 c5 2. Nf3 d6 3. d4 Nf6 4. Nc3 cxd4 5. Nxd4 a6 6. h3 e5 7. Nde2 h5 {[%emt 0:00:00] B90: Sicilian Najdorf: Unusual White 6th moves, 6 Be3 Ng4 and 6 Be3 e5} 8. g3 Be7 (8... Be6 9. Bg2 b5 10. O-O Nbd7 11. Be3 Be7 12. Nd5 Nxd5 13. exd5 Bf5 14. f4 Rc8 15. c3 {0-1 (53) Karjakin,S (2781)-Vachier Lagrave,M (2796) Paris 2017}) 9. Bg2 Be6 10. Bg5 Nbd7 11. Qd2 b5 12. Bxf6 $146 ({Predecessor:} 12. a3 Rc8 13. O-O O-O 14. b3 Nh7 15. Be3 {0-1 (70) Sasikiran,K (2674)-Jumabayev,R (2611) Moscow 2017}) 12... Nxf6 13. a4 b4 14. Nd5 Bxd5 15. exd5 a5 16. O-O O-O 17. c3 Rb8 18. cxb4 Rxb4 19. Nc3 Qb6 20. Nb5 Nd7 21. Qd1 h4 22. gxh4 Bxh4 23. b3 Nc5 24. Rc1 $17 e4 25. Rc4 Rxc4 26. bxc4 Re8 27. Qg4 Bf6 28. Kh1 Qd8 29. Na7 Nxa4 30. Nc6 Qc7 31. Bxe4 Nc5 32. Bc2 Nd7 33. Rg1 Ne5 34. Qf5 Ng6 35. Rxg6 fxg6 36. Qxg6 Re1+ 37. Kg2 Kf8 38. Qh7 Re5 39. Qh8+ Kf7 40. Bh7 Rg5+ 41. Kf1 Be7 42. Qg8+ 1-0

[Event "1st Turkish League 2017"]
[Site "Konya"]
[Date "2017.07.19"]
[Round "4"]
[White "Okus, Melih"]
[Black "Dogan, Nazmi Can"]
[Result "0-1"]
[ECO "A26"]
[WhiteElo "2041"]
[BlackElo "2242"]
[Annotator "NA"]
[PlyCount "82"]
[EventType "team-tourn"]
[EventCountry "TUR"]
[SourceTitle "playchess.com"]
[Source "ChessBase"]
[SourceQuality "1"]
[TimeControl "5400+30"]

1. Nf3 Nf6 2. c4 g6 3. g3 Bg7 4. Bg2 O-O 5. Nc3 d6 6. O-O e5 7. d3 Nc6 8. Rb1 a5 9. a3 Re8 10. b4 axb4 11. axb4 e4 12. dxe4 Nxe4 13. Nxe4 Rxe4 14. b5 Nd4 {[%emt 0:19:00] LiveBook: 4 Games} 15. Be3 (15. Nxd4 $14 Rxd4 16. Qb3) 15... Nxf3+ 16. Bxf3 Rxc4 17. Qd5 Rca4 18. Rbc1 R8a5 19. Bd2 Ra7 $15 20. Bg5 Qd7 21. b6 c6 22. Qd2 Ra8 23. e4 Ra2 24. Qf4 Be5 25. Qh4 Qh3 26. Rfd1 Qxh4 27. Bxh4 f6 28. g4 Kf7 29. Bg3 Ke7 30. Bxe5 dxe5 31. g5 fxg5 32. Rc5 R8a5 33. Rxa5 Rxa5 34. Be2 Ra4 35. Rb1 Rxe4 36. Bf3 Rc4 37. Ra1 Bh3 38. Rb1 Bf5 39. Rb2 Be4 40. Bxe4 Rxe4 41. Ra2 Rb4 0-1

[Event "1st Turkish League 2017"]
[Site "Konya"]
[Date "2017.07.19"]
[Round "4"]
[White "Yelligedik, Murat"]
[Black "Rzayev, Askar Aliakbar"]
[Result "1/2-1/2"]
[ECO "C47"]
[WhiteElo "2014"]
[BlackElo "2080"]
[Annotator "NA"]
[PlyCount "80"]
[EventType "team-tourn"]
[EventCountry "TUR"]
[SourceTitle "playchess.com"]
[Source "ChessBase"]
[SourceQuality "1"]
[TimeControl "5400+30"]

1. e4 Nc6 2. Nc3 e5 3. Nf3 Nf6 4. d4 exd4 5. Nxd4 Bb4 6. Nxc6 bxc6 7. Bd3 d5 8. exd5 cxd5 9. O-O O-O 10. Bg5 c6 11. Qf3 h6 12. Bxf6 Qxf6 13. Qxf6 gxf6 14. Ne2 Bd7 15. Ng3 Bd6 16. Nh5 Be5 17. c3 Bg4 18. Ng3 $11 h5 19. f3 h4 20. Ne2 Bd7 21. f4 Bd6 22. Nd4 c5 23. Nf5 Bxf5 24. Bxf5 Rfe8 25. g3 hxg3 26. hxg3 Re2 27. Rf2 Rae8 28. Bg4 R2e3 29. Kg2 d4 30. Rd1 d3 31. c4 Bc7 32. Rfd2 Rd8 33. Kf2 Re4 34. b3 Red4 35. Bf5 Bxf4 36. Rxd3 Be5 37. Kf3 a5 38. Rxd4 Bxd4 39. Rd2 Kf8 40. Be4 Re8 1/2-1/2

[Event "1st Turkish League 2017"]
[Site "Konya"]
[Date "2017.07.19"]
[Round "4"]
[White "Karacan, Can Berk"]
[Black "Guncan, Berke"]
[Result "1/2-1/2"]
[ECO "B36"]
[WhiteElo "2009"]
[BlackElo "2043"]
[Annotator "NA"]
[PlyCount "70"]
[EventType "team-tourn"]
[EventCountry "TUR"]
[SourceTitle "playchess.com"]
[Source "ChessBase"]
[SourceQuality "1"]
[TimeControl "5400+30"]

1. e4 c5 2. Nf3 g6 3. d4 cxd4 4. Nxd4 Nc6 5. c4 Nf6 6. Nc3 Nxd4 7. Qxd4 d6 8. Be2 Bg7 9. Be3 O-O 10. Qd2 a5 11. f3 a4 12. O-O Qa5 13. Rac1 Be6 14. Nd5 Qxd2 15. Nxe7+ Kh8 16. Bxd2 Rfe8 17. Nd5 Nxd5 18. cxd5 Bxd5 19. Bb5 Re5 20. Bxa4 Bxa2 21. b3 Rc5 22. Be3 b5 23. Bxc5 bxa4 24. Bxd6 axb3 25. e5 b2 26. Rcd1 Bh6 27. e6 $11 fxe6 28. Be5+ Bg7 29. Bxg7+ Kxg7 30. Rd7+ Kf6 31. Rb7 b1=Q 32. Rfxb1 Bxb1 33. Rxb1 Ra2 34. Rb4 g5 35. h3 Ke5 1/2-1/2

[Event "1st Turkish League 2017"]
[Site "Konya"]
[Date "2017.07.19"]
[Round "4"]
[White "Zeydan, Salih"]
[Black "Hajiyev, Shahin"]
[Result "1-0"]
[ECO "B97"]
[WhiteElo "2001"]
[BlackElo "2008"]
[Annotator "NA"]
[PlyCount "51"]
[EventType "team-tourn"]
[EventCountry "TUR"]
[SourceTitle "playchess.com"]
[Source "ChessBase"]
[SourceQuality "1"]
[TimeControl "5400+30"]

1. e4 c5 2. Nf3 d6 3. d4 cxd4 4. Nxd4 Nf6 5. Nc3 a6 6. Bg5 e6 7. f4 Qb6 8. Qd2 Qxb2 9. Rb1 Qa3 10. f5 Nc6 11. fxe6 fxe6 12. Nxc6 bxc6 13. Be2 Be7 14. O-O O-O 15. Rb3 Qa5 16. Nd5 Qd8 17. Nxe7+ {[%emt 0:06:30] LiveBook: 8 Games} Qxe7 18. Rbf3 $11 (18. Rd3 $16) 18... Bb7 19. Bd3 Rf7 20. Qf2 Raf8 21. e5 dxe5 22. Qh4 e4 23. Bxe4 Qc5+ 24. Be3 Qh5 25. Qxh5 Nxh5 26. Bxh7+ 1-0

[Event "1st Turkish League 2017"]
[Site "Konya"]
[Date "2017.07.19"]
[Round "4"]
[White "Gokbulut, Julia"]
[Black "Bivol, Alina"]
[Result "1/2-1/2"]
[ECO "D23"]
[WhiteElo "1997"]
[BlackElo "2379"]
[Annotator "NA"]
[PlyCount "93"]
[EventType "team-tourn"]
[EventCountry "TUR"]
[SourceTitle "playchess.com"]
[Source "ChessBase"]
[SourceQuality "1"]
[TimeControl "5400+30"]

1. d4 d5 2. Nf3 Nf6 3. c4 dxc4 4. Qa4+ c6 5. Qxc4 Bg4 {[%emt 0:00:00] LiveBook: 589 Games} 6. Nbd2 Nbd7 {[%emt 0:01:00] D23: Queen's Gambit Accepted: 3 Nf3 Nf6 sidelines} 7. e3 (7. g3 e6 8. Bg2 Be7 9. Qb3 Qb6 10. O-O O-O 11. Nc4 Qa6 12. Bg5 h6 13. Bxf6 Bxf6 14. e3 {½-½ (43) Kozul,Z (2617)-Mamedov,R (2689) Minsk 2017}) 7... e6 8. h3 $146 ({Predecessor:} 8. Be2 Be7 9. O-O {½-½ (9) Slipak,S (2420)-Della Morte,G (2384) Buenos Aires 2014}) 8... Bxf3 9. Nxf3 Bd6 10. Bd2 Qe7 11. Be2 O-O 12. a3 Rfd8 13. Rd1 Rac8 14. Qb3 b6 15. O-O c5 16. Ba6 Rc7 17. Rfe1 Ne4 18. Re2 h5 19. Bd3 Ndf6 20. Be1 Rdc8 21. Bxe4 Nxe4 22. Qd3 f5 23. dxc5 Rxc5 24. Nd4 $11 Rc1 25. Rc2 R1xc2 26. Nxc2 Be5 27. Nd4 Bxd4 28. Qxd4 Rc7 29. f3 Nc5 30. Qe5 Rd7 31. Rxd7 Qxd7 32. Bc3 Nb7 33. Qb8+ Nd8 34. Kf2 Kh7 35. Qg3 Qe7 36. Bb4 Qf7 37. Qd6 Nb7 38. Qd4 Kg8 39. g4 hxg4 40. hxg4 Qc7 41. Kg2 fxg4 42. Qxg4 Qd7 43. Bc3 Nd6 44. Kf2 Nf5 45. Qg6 Qe7 46. Ke2 Qd7 47. Kf2 1/2-1/2

[Event "1st Turkish League 2017"]
[Site "Konya"]
[Date "2017.07.19"]
[Round "4"]
[White "Yerden, Huseyin Eren"]
[Black "Kilic, Efe Mert"]
[Result "0-1"]
[ECO "D48"]
[WhiteElo "1904"]
[BlackElo "2287"]
[Annotator "NA"]
[PlyCount "64"]
[EventType "team-tourn"]
[EventCountry "TUR"]
[SourceTitle "playchess.com"]
[Source "ChessBase"]
[SourceQuality "1"]
[TimeControl "5400+30"]

1. d4 d5 2. c4 c6 3. Nf3 Nf6 4. Nc3 e6 5. e3 Nbd7 6. Bd3 dxc4 7. Bxc4 b5 8. Bd3 a6 9. e4 c5 10. d5 c4 11. Bc2 Qc7 12. O-O Bb7 13. Re1 Bc5 {[%emt 0:10:30] LiveBook: 5 Games} 14. dxe6 fxe6 15. e5 Ng4 16. Nd4 Ndxe5 17. Bf4 $19 O-O-O 18. Qxg4 Nxg4 19. Bxc7 Rxd4 20. Bg3 Rd2 21. Re2 Rxe2 22. Nxe2 Rd8 23. h3 Rd2 24. Bd1 Nf6 25. Bf4 Rxb2 26. Bc1 Rxe2 27. Bxe2 Bd4 28. Rb1 Be4 29. Rb4 Nd5 30. a3 Nxb4 31. axb4 Bc3 32. Ba3 Bd2 0-1

[Event "1st Turkish League 2017"]
[Site "Konya"]
[Date "2017.07.19"]
[Round "4"]
[White "Sahin, Handenur"]
[Black "Khukhashvili, Sopiko"]
[Result "0-1"]
[ECO "C06"]
[WhiteElo "1897"]
[BlackElo "2339"]
[Annotator "NA"]
[PlyCount "76"]
[EventType "team-tourn"]
[EventCountry "TUR"]
[SourceTitle "playchess.com"]
[Source "ChessBase"]
[SourceQuality "1"]
[TimeControl "5400+30"]

1. e4 e6 2. d4 d5 3. Nd2 Nf6 4. e5 Nfd7 5. Bd3 c5 6. c3 Nc6 7. Ne2 cxd4 8. cxd4 f6 9. exf6 Nxf6 10. Nf3 Bd6 11. Bg5 O-O 12. O-O Qc7 13. Rc1 Bd7 14. Qc2 {C06: French Tarrasch: 3...Nf6 4 e5 Nfd7 5 Bd3 main lines} (14. Re1 Rac8 15. a3 h6 16. Bh4 Be8 17. Bg3 Bh5 18. Ne5 Bxe5 19. dxe5 Ne4 20. Bxe4 dxe4 21. Qd6 Bxe2 22. Qxc7 Rxc7 23. Rxe2 {½-½ (35) Tiviakov,S (2612)-Sengupta,D (2580) Douglas 2015}) 14... Be8 15. Ng3 h6 16. Bxf6 $146 ({Predecessor:} 16. Bd2 Qb6 17. Bc3 Nb4 18. Bxb4 Qxb4 19. Qe2 Bf4 20. Rc3 Qd6 21. Re1 Bf7 {0-1 (83) Aranovitch,E (2110)-Wueest,A (2225) Switzerland 1998}) 16... Rxf6 17. Rfe1 Qb6 18. Qd1 Bxg3 ({Stronger than} 18... Nxd4 19. Nxd4 Rxf2 20. Rxe6 $18) 19. hxg3 Bh5 $1 20. Rc3 Bxf3 21. gxf3 Nxd4 22. Bb1 Raf8 23. f4 g6 24. Rd3 Nc6 25. Rb3 Qc7 26. Rbe3 Qf7 27. Qg4 {[#]} Nd8 $11 (27... e5 $1 $17 28. fxe5 Rxf2 29. Qxg6+ Qxg6 30. Bxg6 Rxb2) 28. Re5 Qg7 29. Bd3 a6 30. a3 h5 31. Qd1 h4 32. Qg4 Qh6 33. Rg5 hxg3 34. fxg3 Kg7 35. f5 exf5 36. Re7+ R8f7 37. Bxf5 Rxe7 38. Bxg6 Re1+ 0-1

[Event "1st Turkish League 2017"]
[Site "Konya"]
[Date "2017.07.19"]
[Round "4"]
[White "Temel, Burcu Melis"]
[Black "Nechaeva, Marina"]
[Result "0-1"]
[ECO "B90"]
[WhiteElo "1846"]
[BlackElo "2408"]
[Annotator "ChessBase"]
[PlyCount "66"]
[EventType "team-tourn"]
[EventCountry "TUR"]
[SourceTitle "playchess.com"]
[Source "ChessBase"]
[SourceQuality "1"]
[TimeControl "5400+30"]

1. e4 c5 2. Nf3 d6 3. d4 cxd4 4. Nxd4 Nf6 5. Nc3 a6 6. a4 e5 7. Nf3 Be7 8. Bg5 Nbd7 9. Bc4 O-O 10. O-O h6 11. Be3 b6 12. Nh4 Bb7 13. Nf5 Rc8 14. Qe2 a5 15. Rad1 Kh7 16. f3 Nc5 17. Nb5 Ne8 18. b3 Ba8 19. Qd2 Nxa4 20. Bxh6 Nb2 21. Bxg7 Bg5 22. f4 Nxg7 23. fxg5 Nxf5 24. exf5 Nxc4 25. bxc4 Rxc4 26. Qe3 Rxc2 27. Rf2 Rxf2 28. Kxf2 Qd7 29. Nxd6 Qc6 30. Qh3+ Kg8 31. f6 Rd8 32. Qh6 Qxg2+ 33. Ke3 Qf3+ 0-1

[Event "1st Turkish League 2017"]
[Site "Konya"]
[Date "2017.07.19"]
[Round "4"]
[White "Yorgun, Yaren Naz"]
[Black "Elma, Muge"]
[Result "1/2-1/2"]
[ECO "B23"]
[WhiteElo "1733"]
[BlackElo "1513"]
[Annotator "NA"]
[PlyCount "66"]
[EventType "team-tourn"]
[EventCountry "TUR"]
[SourceTitle "playchess.com"]
[Source "ChessBase"]
[SourceQuality "1"]
[TimeControl "5400+30"]

1. e4 c5 2. Nc3 d6 3. f4 Nc6 4. Bb5 e6 5. Nf3 Nge7 6. O-O a6 7. Bxc6+ Nxc6 8. Qe1 Be7 9. Qg3 O-O 10. d3 Re8 11. Nd1 d5 12. Ne3 dxe4 13. dxe4 Nd4 14. Nxd4 Qxd4 15. Qf3 Qd6 16. b3 Qc6 17. Bb2 Bf8 18. Rae1 f5 19. Qg3 b5 20. Qg5 c4 21. Be5 Qc5 22. Kh1 cxb3 23. cxb3 Qe7 24. Qg3 Qf7 25. exf5 exf5 26. Rc1 Be6 27. Rc7 Re7 28. Rxe7 Bxe7 29. Nc2 Bf6 30. Nd4 Rc8 31. Nxe6 Qxe6 32. Bxf6 Qxf6 33. Qd3 Qe6 1/2-1/2

[Event "1st Turkish League 2017"]
[Site "Konya"]
[Date "2017.07.19"]
[Round "4"]
[White "Demirtas, Hafize"]
[Black "Erece, Ece Alkim"]
[Result "1/2-1/2"]
[ECO "B27"]
[WhiteElo "1676"]
[BlackElo "1829"]
[Annotator "NA"]
[PlyCount "101"]
[EventType "team-tourn"]
[EventCountry "TUR"]
[SourceTitle "playchess.com"]
[Source "ChessBase"]
[SourceQuality "1"]
[TimeControl "5400+30"]

1. e4 c5 2. Nf3 g6 3. c3 Bg7 4. d4 cxd4 5. cxd4 d5 6. e5 Bg4 7. Bb5+ Nd7 8. Nbd2 e6 9. O-O Ne7 10. h3 Bxf3 11. Nxf3 O-O 12. Bxd7 Qxd7 13. Qd3 f6 $14 14. exf6 Bxf6 15. Re1 Nc6 16. Bd2 Rfe8 17. Rac1 e5 18. dxe5 Nxe5 19. Nxe5 Bxe5 20. Rc5 Rad8 21. f4 Bxb2 22. Rxe8+ Qxe8 23. Rxd5 Rxd5 24. Qxd5+ Qf7 25. Qxf7+ Kxf7 26. Kf2 b5 27. Ke3 Ke6 28. Ke4 Bf6 29. Bb4 Bd8 30. g4 a5 31. Bc5 b4 32. Kd4 Bc7 33. Ke4 Bd8 34. Kd4 Bf6+ 35. Kc4 Bd8 36. Kd4 Bc7 37. Ke4 Bd8 38. f5+ gxf5+ 39. gxf5+ Kf7 40. Bd6 Be7 41. Bxe7 Kxe7 42. Kd5 a4 43. Kc4 b3 44. axb3 axb3 45. Kxb3 Kf6 46. Kc2 Kxf5 47. Kd2 Kf4 48. Ke2 Kg3 49. Kf1 Kxh3 50. Kg1 h5 51. Kh1 1/2-1/2

[Event "1st Turkish League 2017"]
[Site "Konya"]
[Date "2017.07.19"]
[Round "4"]
[White "Sahin, Hayrun Nisa"]
[Black "Saim, Sida"]
[Result "0-1"]
[ECO "B01"]
[WhiteElo "1576"]
[BlackElo "1634"]
[Annotator "NA"]
[PlyCount "56"]
[EventType "team-tourn"]
[EventCountry "TUR"]
[SourceTitle "playchess.com"]
[Source "ChessBase"]
[SourceQuality "1"]
[TimeControl "5400+30"]

1. e4 d5 2. exd5 Qxd5 3. Nc3 Qd6 4. d4 a6 5. g3 Nf6 6. Bg2 Bg4 7. Nge2 Nc6 8. Be3 O-O-O 9. O-O g6 10. a3 Bg7 11. h3 Bxe2 12. Nxe2 e5 13. c3 Nd5 14. Bxd5 Qxd5 15. dxe5 Qe6 16. Qc2 Nxe5 17. Nf4 Nf3+ 18. Kh1 Qc6 19. Ng2 Qd7 20. Nf4 Bh6 21. Rad1 Qc6 22. Ng2 Qe6 23. g4 Qe5 24. Bf4 Bxf4 25. Rd3 Be3 26. Nf4 Rxd3 27. fxe3 Rxe3 28. Nd3 Rxd3 0-1

[Event "1st Turkish League 2017"]
[Site "Konya"]
[Date "2017.07.20"]
[Round "5"]
[White "Nechaeva, Marina"]
[Black "Sahin, Handenur"]
[Result "1-0"]
[ECO "D12"]
[WhiteElo "2408"]
[BlackElo "1897"]
[Annotator "ChessBase"]
[PlyCount "101"]
[EventType "team-tourn"]
[EventCountry "TUR"]
[SourceTitle "playchess.com"]
[Source "ChessBase"]
[SourceQuality "1"]
[TimeControl "5400+30"]

1. d4 d5 2. c4 c6 3. Nc3 Nf6 4. e3 Bf5 5. Nf3 e6 6. Nh4 Bg6 7. Nxg6 hxg6 8. Bd3 Nbd7 9. O-O Bd6 10. h3 O-O 11. Bd2 a6 12. c5 Bc7 13. f4 b6 14. b4 a5 15. cxb6 Nxb6 16. bxa5 Rxa5 17. a4 Qa8 18. Qc2 Rc8 19. Rfc1 Bd8 20. Qd1 Ne8 21. Kh1 Nd6 22. Be1 Ndc4 23. Qe2 c5 24. dxc5 Raxc5 25. e4 Bf6 26. e5 Be7 27. Rcb1 Ra5 28. Bc2 Rac5 29. Bd1 Qc6 30. Nb5 Qd7 31. Bf2 d4 32. Nxd4 Rd5 33. Nf3 Bc5 34. a5 Bxf2 35. Qxf2 Na8 36. Bb3 Qc7 37. Bxc4 Qxc4 38. Ng5 Nc7 39. Rc1 Qb5 40. Qh4 Qe8 41. Qh7+ Kf8 42. Qh8+ Ke7 43. Qxg7 Qf8 44. Qxf8+ Kxf8 45. Ne4 Ke7 46. Rc2 Kd8 47. Rac1 Rxa5 48. Nd6 Ra7 49. Rd1 Rb8 50. Nb5+ Nd5 51. Nxa7 1-0

[Event "1st Turkish League 2017"]
[Site "Konya"]
[Date "2017.07.20"]
[Round "5"]
[White "Koksal, Ege"]
[Black "Erdogan, Anil Berk"]
[Result "1/2-1/2"]
[ECO "A61"]
[WhiteElo "2390"]
[BlackElo "2088"]
[Annotator "NA RC"]
[PlyCount "60"]
[EventType "team-tourn"]
[EventCountry "TUR"]
[SourceTitle "playchess.com"]
[Source "ChessBase"]
[SourceQuality "1"]
[TimeControl "5400+30"]

1. d4 Nf6 2. Nf3 c5 3. d5 e6 4. c4 exd5 5. cxd5 d6 6. Nc3 g6 7. Bf4 a6 8. a4 Bg7 9. h3 O-O 10. e3 Ne8 11. Be2 Nd7 12. O-O Rb8 13. Bh2 f5 14. Qc2 Qe7 15. a5 Ne5 16. Nd2 Nc7 17. Rae1 Re8 $14 18. e4 fxe4 19. Ndxe4 Bf5 20. Qd2 b5 21. Kh1 Kh8 22. Kg1 Kg8 23. Kh1 Kh8 24. Kg1 Kg8 25. Kh1 Kh8 26. Kg1 Kg8 27. Kh1 Kh8 28. Kg1 Kg8 29. Kh1 Kh8 30. Kg1 Kg8 1/2-1/2

[Event "1st Turkish League 2017"]
[Site "Konya"]
[Date "2017.07.20"]
[Round "5"]
[White "Erturan, Yakup"]
[Black "Korkmaz, Necmettin"]
[Result "1-0"]
[ECO "D11"]
[WhiteElo "2371"]
[BlackElo "2078"]
[Annotator "ChessBase"]
[PlyCount "82"]
[EventType "team-tourn"]
[EventCountry "TUR"]
[SourceTitle "playchess.com"]
[Source "ChessBase"]
[SourceQuality "1"]
[TimeControl "5400+30"]

1. d4 d5 2. Nf3 Nf6 3. g3 Bf5 4. Bg2 e6 5. O-O Be7 6. c4 c6 7. Nc3 h6 8. Qb3 Qb6 9. c5 Qc7 10. Bf4 Qc8 11. Nd2 O-O 12. e4 Nxe4 13. Ndxe4 dxe4 14. Bxe4 Bxe4 15. Nxe4 Rd8 16. Bd6 Bxd6 17. Nxd6 Qc7 18. f4 Na6 19. Qc4 Rxd6 20. cxd6 Qxd6 21. f5 Nc7 22. Qc5 Qxc5 23. dxc5 exf5 24. Rxf5 Rd8 25. Re1 Ne6 26. Re3 Rd7 27. Kg2 g6 28. Rfe5 Kf8 29. b4 Rd2+ 30. Re2 Rd4 31. R5e4 Rd5 32. Kf2 Rd3 33. Ke1 Nd4 34. Re8+ Kg7 35. R2e7 Ra3 36. Rxb7 Rxa2 37. Ree7 Nf3+ 38. Kd1 Ra1+ 39. Kc2 Ne1+ 40. Kb2 Rd1 41. Rxf7+ Kg8 1-0

[Event "1st Turkish League 2017"]
[Site "Konya"]
[Date "2017.07.20"]
[Round "5"]
[White "Bashirli, Nail"]
[Black "Isik, Alparslan"]
[Result "0-1"]
[ECO "B92"]
[WhiteElo "2352"]
[BlackElo "2211"]
[Annotator "ChessBase"]
[PlyCount "140"]
[EventType "team-tourn"]
[EventCountry "TUR"]
[SourceTitle "playchess.com"]
[Source "ChessBase"]
[SourceQuality "1"]
[TimeControl "5400+30"]

1. e4 c5 2. Nf3 d6 3. d4 cxd4 4. Nxd4 Nf6 5. Nc3 a6 6. Be2 e5 7. Nb3 Be7 8. Be3 Be6 9. O-O O-O 10. Kh1 Nbd7 11. f4 exf4 12. Bxf4 Ne5 13. Nd4 Qb6 14. Nd5 Nxd5 15. exd5 Bd7 16. c4 Bf6 17. Nb3 Rac8 18. Rc1 Ng6 19. Bg3 Bxb2 20. Rc2 Be5 21. Bf2 Qd8 22. c5 Qg5 23. Bg1 Nh4 24. Bd3 Bg4 25. Be2 Bf5 26. Bd3 Bg4 27. Qc1 Qh5 28. c6 bxc6 29. dxc6 Nf5 30. Bxf5 Bxf5 31. Rd2 Be4 32. Nd4 Bxd4 33. Bxd4 Rxc6 34. Qa3 d5 35. h3 Qg5 36. Rff2 Rfc8 37. Kh2 h5 38. Be3 Qg6 39. Bf4 Rc2 40. Qe7 Rxd2 41. Rxd2 Kh7 42. Qe5 Rc6 43. Bg3 f6 44. Qd4 Qf5 45. Rf2 Qe6 46. Qd1 Qf7 47. Qa4 Qd7 48. Qd1 Bg6 49. Rd2 Rc5 50. Bf2 Qc7+ 51. Bg3 Qc6 52. Qf3 Ra5 53. Re2 Qd7 54. Rd2 d4 55. Bf4 d3 56. Qe3 Qd5 57. Qf2 Rc5 58. a3 Rc2 59. Qe1 Qa5 60. Re2 Qxa3 61. Re3 Qa2 62. Rg3 Re2 63. Qg1 Be4 64. h4 Qd5 65. Qa7 Rxg2+ 66. Rxg2 Bxg2 67. Bd2 Bf1 68. Qf2 Be2 69. Kg3 a5 70. Qf4 a4 0-1

[Event "1st Turkish League 2017"]
[Site "Konya"]
[Date "2017.07.20"]
[Round "5"]
[White "Khukhashvili, Sopiko"]
[Black "Gokbulut, Julia"]
[Result "1-0"]
[ECO "B42"]
[WhiteElo "2339"]
[BlackElo "1997"]
[Annotator "NA"]
[PlyCount "63"]
[EventType "team-tourn"]
[EventCountry "TUR"]
[SourceTitle "playchess.com"]
[Source "ChessBase"]
[SourceQuality "1"]
[TimeControl "5400+30"]

1. e4 c5 2. Nf3 e6 3. d4 cxd4 4. Nxd4 a6 5. Bd3 Bc5 6. Nb3 Be7 7. Nc3 Nc6 8. Qe2 d6 9. f4 Qc7 10. O-O Nf6 11. Bd2 b5 12. a3 O-O 13. Kh1 Bb7 14. Rae1 Rfe8 {[%emt 0:05:30] B33: Sicilian: Pelikan and Sveshnikov Variations} (14... b4 15. Nd1 a5 16. a4 Nd7 17. Ne3 Rfe8 18. Qh5 Bf8 19. Qh3 g6 20. Ng4 h5 21. Ne3 Bg7 22. Bc4 {0-1 (41) Novik,M (2467)-Alekseev,E (2698) St Petersburg 2013}) 15. e5 Nd7 16. exd6 Bxd6 17. Ne4 Bf8 18. Bc3 {[%emt 0:13:00] [#]} h6 $146 ({Predecessor:} 18... b4 19. Ng5 h6 20. Qh5 Nf6 {½-½ (20) Tristan,L (2317)-Felgaer,R (2556) Berazategui 2007}) 19. Qh5 Nd8 20. Re3 e5 21. Qf5 Qc6 22. fxe5 $18 Qe6 23. Qf2 Rc8 24. Nd4 Qd5 25. Nf5 Rxc3 26. Nxc3 Qe6 27. Nd4 Qb6 28. Qf5 Qg6 29. Qh3 Qg5 30. Rg3 Qxe5 31. Qxd7 h5 32. Qf5 1-0